 Dungeon Crawl Stone Soup version 0.30-a0-1094-g860fb061e7 (webtiles) character file.

Game seed: 1904989919597396012

571 Pimp the Trooper (level 7, 0/61 HPs)
             Began as a Pale Draconian Fighter on Apr 17, 2023.
             Slain by a shadow imp (1 damage)
             ... summoned by Eustachio
             ... on level 5 of the Dungeon.
             The game lasted 00:07:09 (4105 turns).

Pimp the Trooper (Pale Draconian Fighter)           Turns: 4105, Time: 00:07:09

Health: 0/61       AC: 11    Str: 20      XL:     7   Next: 12%
Magic:  7/7        EV: 12    Int:  9      God:
Gold:   187        SH:  4    Dex:  8 (10) Spells: 6/6 levels left

rFire   . . .      SeeInvis .    a - +1 war axe (heavy)
rCold   . . .      Faith    .    b - +0 buckler
rNeg    . . .      Spirit   .    (body armour unavailable)
rPois   .          Reflect  .    (helmet restricted)
rElec   .          Rampage  .    e - +2 cloak
rCorr   .                        (no gloves)
Will    .....                    i - +1 pair of boots
Stlth   +                        (no amulet)
HPRegen 0.30/turn                (no ring)
MPRegen 0.10/turn                (no ring)

@: no status effects
A: breathe steam, AC +6, unfitting armour, cold-blooded, steam resistance
a: Breathe Steam


You were on level 5 of the Dungeon.
You visited 1 branch of the dungeon, and saw 5 of its levels.

You collected 187 gold pieces.

Inventory:

Hand Weapons
 a - a +1 heavy war axe (weapon)
 g - the +3 short sword of the Puffball {heavy, Stlth+}
   (You took it off an orc on level 4 of the Dungeon)

   Stlth:     It makes you more stealthy.
Missiles
 o - 5 silver javelins (quivered)
Armour
 b - a +0 buckler (worn)
 e - a +2 cloak (worn)
 i - a +1 pair of boots (worn)
Wands
 u - a wand of flame (21)
Scrolls
 j - a scroll of magic mapping {unknown}
 k - a scroll of torment {unknown}
 l - 2 scrolls of teleportation
 m - a scroll of noise {unknown}
 p - a scroll of amnesia
 q - a scroll of fog
Potions
 c - a potion of might
 d - 4 potions of lignification
 f - 4 potions of curing
 h - 3 potions of heal wounds
 t - 2 potions of degeneration
 w - a potion of brilliance {unknown}
 x - a potion of ambrosia {unknown}


   Skills:
 + Level 5.2 Fighting
 + Level 4.2 Axes
 + Level 4.3 Dodging
 + Level 4.8 Shields


You had 6 spell levels left.
You didn't know any spells.
Your spell library was empty.

Dungeon Overview and Level Annotations

Branches:
Dungeon (5/15)
 Temple: D:4-7

Altars:

Annotations:
D:5 Eustachio


Innate Abilities, Weirdness & Mutations

You can breathe blasts of scalding, opaque steam.
Your pale cyan-grey scales are hard. (AC +6)
You cannot fit into any form of body armour.
You are cold-blooded and may be slowed by cold attacks.
You are immune to the effects of steam.


Message History

The shadow imp hits you but does no damage.
Eustachio asks, "How can you live without manners, virtues and honour?"
Eustachio hits you with a +0 falchion. The bat closely misses you.
The iron imp misses you.
You closely miss Eustachio.
Your tail-slap misses Eustachio.
Eustachio is lightly wounded.
You hit the shadow imp but do no damage.
You closely miss the bat. You slash the iron imp!
The bat hits you but does no damage. x2; The bat barely misses you.
The shadow imp hits you but does no damage.
Eustachio hits you but does no damage. The bat barely misses you.
The iron imp completely misses you. You block Eustachio's attack.
The shadow imp barely misses you. The iron imp closely misses you.
Unknown command.
You slash Eustachio!
Eustachio is heavily wounded.
You slash the iron imp!
You kill the iron imp!
The iron imp disappears in a puff of smoke!
You slash the shadow imp! You slash the bat!
You kill the bat!
The bat's corpse disappears in a puff of smoke!
The shadow imp grinds its teeth.
The shadow imp gestures at you. Pain shoots through your body!
* * * LOW HITPOINT WARNING * * *
Eustachio hits you but does no damage. The shadow imp gestures at you.
Pain shoots through your body!
* * * LOW HITPOINT WARNING * * *
Eustachio barely misses you. You block the dart slug's attack.
You slash Eustachio!
Your tail-slap misses Eustachio.
Eustachio is severely wounded.
You hit the dart slug.
You hit the shadow imp but do no damage.
The shadow imp misses you. Eustachio hits you with a +0 falchion!
* * * LOW HITPOINT WARNING * * *
The shadow imp lashes its tail.
The shadow imp hits you.
You die...

#..# #...#####
##..#####
###.###
#...)...###...#
#.#.........###
#..#####..####
#. #......# #.
#.#.##...# #
##ยง#.# ###
#@@#.#
......w5##.#
....!.......
....$.......
......###..
...... ..#
....(. .?.
...... ###


You could see Eustachio, a shadow imp (summoned) and a dart slug.

Vanquished Creatures
  The ghost of asti the Chopper, an amateur MiFi (D:4)
  A water moccasin (D:5)
  2 orc priests
  Ijyb (D:3)
  An iguana (D:5)
  An orc wizard (D:5)
  Robin (D:2)
  6 adders
  A gnoll (D:1)
  An ufetubus (D:3)
  2 dart slugs (D:1)
  A worm (D:2)
  11 orcs
  8 endoplasms
  2 giant cockroaches (D:3)
  15 goblins
  9 hobgoblins
  5 quokkas
  4 ball pythons
  5 bats
  4 frilled lizards (D:1)
  9 kobolds
  5 rats
96 creatures vanquished.

Vanquished Creatures (others)
  A goblin (D:2)
1 creature vanquished.

Grand Total: 97 creatures vanquished

Notes
Turn   | Place    | Note
-------+----------+-------------------------------------------
     0 | D:1      | Pimp the Draconian Fighter began the quest for the Orb.
     0 | D:1      | Reached XP level 1. HP: 19/19 MP: 1/1
    98 | D:1      | Reached XP level 2. HP: 26/26 MP: 2/2
   316 | D:1      | Reached XP level 3. HP: 33/33 MP: 3/3
   491 | D:1      | Found a faded altar of an unknown god.
   932 | D:2      | Noticed Robin
   952 | D:2      | Killed Robin
   955 | D:2      | Reached XP level 4. HP: 20/40 MP: 4/4
  1583 | D:3      | Reached skill level 4 in Fighting
  2118 | D:3      | Noticed Ijyb
  2134 | D:3      | Killed Ijyb
  2135 | D:3      | Reached XP level 5. HP: 10/46 MP: 5/5
  3277 | D:4      | Found a runed translucent gate.
  3279 | D:4      | Found a runed translucent gate.
  3281 | D:4      | Found a runed translucent gate.
  3281 | D:4      | Noticed asti's ghost (amateur MiFi)
  3287 | D:4      | Identified the +3 short sword of the Puffball {heavy,
                  | Stlth+}
  3915 | D:4      | Killed asti's ghost
  3916 | D:4      | Reached XP level 6. HP: 47/55 MP: 6/6
  3981 | D:5      | Entered Level 5 of the Dungeon
  3982 | D:5      | Noticed a water moccasin
  3985 | D:5      | Reached skill level 5 in Fighting
  3991 | D:5      | Killed a water moccasin
  3992 | D:5      | Your scales start taking on a pale cyan-grey colour.
  3992 | D:5      | Reached XP level 7. HP: 45/61 MP: 7/7
  3992 | D:5      | Gained mutation: You are immune to the effects of steam.
                  | [Pale Draconian growth]
  4086 | D:5      | Noticed Eustachio
  4105 | D:5      | HP: 1/61 [Eustachio/+0 falchion (7)]
  4105 | D:5      | Slain by a shadow imp

Illustrated notes

Levels and vault maps discovered:
D:1:      minmay_arrival_open_corners, layout_basic,
          shapermc_ecumenical_altar_ellora
D:2:      layout_loops_ring, chequers_garden, uniq_robin
D:3:      layout_loops_corners, minivault_23, hangedman_decor_points,
          minmay_fractal_squares_5, uniq_ijyb
D:4:      layout_layer_cave, biasface_ghost_orc_armoury,
          kennysheep_generic_room_11
D:5:      layout_rooms, uniq_eustachio

Skill      XL: |  1  2  3  4  5  6 |
---------------+-------------------+-----
Dodging        | 3 4 |  4.3
Fighting       | 4 5 |  5.2
Axes           | 3 4 |  4.2
Shields        | 4 |  4.8

Action                     |  1- 3 |  4- 6 |  7- 9 || total
---------------------------+-------+-------+-------++-------
  Melee: War axe           |    74 |   137 |    20 ||   231
         Tailslap          |     4 |    10 |     1 ||    15
    Use: Scroll            |       |    16 |       ||    16
         Potion            |       |     2 |       ||     2
   Stab: Sleeping          |     1 |       |       ||     1
 Armour: Skin              |    36 |    75 |    47 ||   158
  Dodge: Dodged            |    72 |   116 |    64 ||   252
  Block: Buckler           |    22 |    38 |    21 ||    81

Table legend: (Time is in decaauts)
 A = Elapsed time spent in this place.
 B = Non-inter-level travel time spent in this place.
 C = Inter-level travel time spent in this place.
 D = Time resting spent in this place.
 E = Time spent auto-exploring this place.
 F = Levels seen in this place.
 G = Mean time per level.
                   A        B        C        D        E       F      G
               +--------+--------+--------+--------+--------+-----+--------+
         Total |   4206 |   4066 |    140 |    252 |   3087 |   5 |  841.2 |
       Dungeon |   4206 |   4066 |    140 |    252 |   3087 |   5 |  841.2 |
               +--------+--------+--------+--------+--------+-----+--------+

Top non-repeatable levels by time:
     D:4: 1341 daAuts
     D:3: 1105 daAuts
     D:1: 915 daAuts
     D:2: 691 daAuts
     D:5: 153 daAuts
